 Dungeon Crawl Stone Soup version 0.30.1-9-gdf580d7c3d (webtiles) character file.

Game seed: 3287810464016871351

122 Psyclone the Conjurer (level 4, 0/24 HPs)
             Began as a Deep Elf Conjurer on Sept 27, 2023.
             Slain by an iguana (8 damage)
             ... on level 4 of the Dungeon.
             The game lasted 00:11:28 (3019 turns).

Psyclone the Conjurer (Deep Elf Conjurer)           Turns: 3019, Time: 00:11:29

Health: 0/24       AC:  5    Str:  4    XL:     4   Next: 78%
Magic:  9/13       EV: 12    Int: 25    God:
Gold:   60         SH:  0    Dex: 13    Spells: 8/13 levels left

rFire   . . .        r - +3 dagger (speed)
rCold   . . .        (no shield)
rNeg    . . .        o - +2 robe
rPois   .            (no helmet)
rElec   .            (no cloak)
rCorr   .            (no gloves)
SInv    .            k - +0 pair of boots
Will    .....        n - amulet of regeneration
Stlth   ++           (no ring)
HPRegen 1.04/turn    (no ring)
MPRegen 0.13/turn

%: no passive effects
@: no status effects
A: no striking features
a: no special abilities


You were on level 4 of the Dungeon.
You visited 1 branch of the dungeon, and saw 4 of its levels.

You collected 145 gold pieces.
You spent 85 gold pieces at shops.

Inventory:

Hand Weapons
 r - a +3 dagger of speed (weapon)
Armour
 a - a +1 robe
 k - a +0 pair of boots (worn)
 o - a +2 robe (worn)
Magical Staves
 g - a staff of cold
Jewellery
 n - an amulet of regeneration (around neck)
 q - an amulet of faith
Scrolls
 c - 4 scrolls of identify {@r1}
 e - a scroll of silence {!r}
 i - a scroll of enchant armour
Potions
 b - a potion of magic
 d - 2 potions of might
 f - a potion of berserk rage
 m - 3 potions of flight


   Skills:
 - Level 2.4 Dodging
 - Level 2.4 Stealth
 + Level 5.2 Spellcasting
 + Level 5.7 Conjurations


You had 8 spell levels left.
You knew the following spells:

 Your Spells              Type           Power      Damage    Failure   Level
a - Magic Dart            Conj           100%       1d8       1%          1
b - Searing Ray           Conj           70%        2d7       1%          2
q - Blink                 Tloc           12%        N/A       12%         2

Your spell library contained the following spells:

 Spells                   Type           Power      Damage    Failure   Level
 Momentum Strike          Conj/Tloc      40%        3d9       3%          2
 Dazzling Flash           Conj/Hex       40%        N/A       8%          3
 Cigotuvi's Dreadful Rot  Necr/Pois/Air  12%        N/A       12%         2
 Lesser Beckoning         Tloc           12%        N/A       12%         2
 Ignite Poison            Fire/Tmut/Pois 6%         N/A       24%         3
 Volatile Blastmotes      Fire/Tloc      12%        2d11      24%         3
 Fulminant Prism          Conj/Hex       10%        3d8       24%         4
 Iskenderun's Mystic Bla  Conj/Tloc      20%        2d6       24%         4
 Freezing Cloud           Conj/Ice/Air   8%         6-21      71%         5
 Starburst                Conj/Fire      10%        6d5       98%         6


Dungeon Overview and Level Annotations

Branches:
Dungeon (4/15) Zot: 20979
 Temple: D:4-7

Altars:

Shops:
D:2 [


Message History

You now have 9/13 mp.
You see here a hobgoblin corpse.
The iguana hisses angrily.
MP restored: 13
Casting: Magic Dart (safe; 1% risk of failure)
Confirm with . or Enter, or press ? or * to list all spells.
Aiming: Magic Dart (safe; 1% risk of failure)
Press: ? - help, Shift-Dir - straight line, f - iguana
Aim: an iguana (100% to hit)
The magic dart hits the iguana.
The iguana is moderately wounded.
The iguana closely misses you.
You now have 12/13 mp.
Casting: Magic Dart (safe; 1% risk of failure)
Confirm with . or Enter, or press ? or * to list all spells.
Aiming: Magic Dart (safe; 1% risk of failure)
Press: ? - help, Shift-Dir - straight line, f/p - iguana
Aim: an iguana (moderately wounded, 100% to hit)
The magic dart hits the iguana.
The iguana is moderately wounded.
The iguana bites you!
You take 9 damage, and have 15/24 hp.
MASSIVE DAMAGE!!
You now have 11/13 mp.
Casting: Magic Dart (safe; 1% risk of failure)
Confirm with . or Enter, or press ? or * to list all spells.
Aiming: Magic Dart (safe; 1% risk of failure)
Press: ? - help, Shift-Dir - straight line, f/p - iguana
Aim: an iguana (moderately wounded, 100% to hit)
The magic dart hits the iguana.
The iguana is heavily wounded.
The iguana bites you!
* * * LOW HITPOINT WARNING * * *
Casting: Magic Dart (safe; 1% risk of failure)
Confirm with . or Enter, or press ? or * to list all spells.
Aiming: Magic Dart (safe; 1% risk of failure)
Press: ? - help, Shift-Dir - straight line, f/p - iguana
Aim: an iguana (heavily wounded, 100% to hit)
The magic dart hits the iguana.
The iguana is heavily wounded.
The iguana bites you!
You die...

## ###+###
..#########..l..# # ##
.....l... #@.#.####
.###############.......#
....†............##.####
################## ..
......... .# ###########
.. ......... . ##
.#########. .## .


You could see an iguana.

Vanquished Creatures
  Robin (D:3)
  3 gnolls (D:3)
  2 adders
  A dart slug (D:2)
  An orc (D:3)
  6 bats
  5 endoplasms
  2 giant cockroaches
  10 goblins
  9 hobgoblins
  2 quokkas
  7 ball pythons
  4 frilled lizards
  3 kobolds
  3 rats
59 creatures vanquished.

Notes
Turn   | Place    | Note
-------+----------+-------------------------------------------
     0 | D:1      | Psyclone the Deep Elf Conjurer began the quest for the Orb.
     0 | D:1      | Reached XP level 1. HP: 10/10 MP: 6/6
   394 | D:1      | Reached XP level 2. HP: 15/15 MP: 5/8
  1145 | D:2      | Found Exuhan's Antique Armour Emporium.
  1436 | D:2      | Reached skill level 5 in Conjurations
  1436 | D:2      | Reached XP level 3. HP: 19/19 MP: 4/10
  1485 | D:2      | Found a faded altar of an unknown god.
  1678 | D:2      | Bought a glowing robe for 85 gold pieces
  1877 | D:3      | Noticed Robin
  1976 | D:2      | Learned a level 2 spell: Searing Ray
  1979 | D:2      | Learned a level 2 spell: Blink
  1983 | D:3      | Killed Robin
  1996 | D:3      | Reached XP level 4. HP: 24/24 MP: 4/12
  2252 | D:3      | Reached skill level 5 in Spellcasting
  3019 | D:4      | Slain by an iguana

Illustrated notes

Levels and vault maps discovered:
D:1:      minmay_arrival_four_houses, layout_basic
D:2:      layout_rooms, serial_shops, nicolae_shop_overgrown_old_shop,
          basic_ecumenical_altar, grunt_decor_clamped, hangedman_feature_mirror
D:3:      layout_rooms, chequers_serial_rivers_room_a, uniq_robin
D:4:      layout_basic, serial_co_window_serial, co_window_corner_a,
          co_window_corner_a, co_window_corner_a, co_window_corner_a,
          co_window_paths_a, co_window_of_opportunity_b, co_window_broadway_b,
          co_window_broadway_a, co_window_2corner, co_window_broadway_a,
          co_window_paths_d, co_window_4corner_a, glass_columns_a,
          glass_columns_a, glass_columns_b, glass_columns_a, glass_columns_a,
          minmay_bisected

Skill      XL: |  1  2  3  4 |
---------------+-------------+-----
Spellcasting   | 4 5 |  5.2
Conjurations   | 5 |  5.7
Dodging        | |  2.4
Stealth        | |  2.4

Action                     |  1- 3 |  4- 6 || total
---------------------------+-------+-------++-------
  Melee: Staff             |     7 |       ||     7
   Cast: Magic Dart        |    68 |    24 ||    92
         Searing Ray       |     1 |     3 ||     4
    Use: Scroll            |     4 |     5 ||     9
         Potion            |     2 |     1 ||     3
 Armour: Robe              |     5 |       ||     5
  Dodge: Dodged            |     4 |     2 ||     6
